 Dungeon Crawl Stone Soup version 0.23-a0-275-g0cf4261 (webtiles) character file.

19 MisterFreud the Charlatan (level 2, -3/16 HPs)
             Began as a Kobold Artificer on Oct 2, 2018.
             Slain by Sigmund
             ... wielding a +0 scythe
              (6 damage)
             ... on level 2 of the Dungeon.
             The game lasted 00:01:44 (1052 turns).

MisterFreud the Charlatan (Kobold Artificer)        Turns: 1052, Time: 00:01:45

Health: -3/16      AC:  3    Str:  9    XL:     2   Next: 95%
Magic:  5/5        EV: 14    Int: 12    God:
Gold:   101        SH:  0    Dex: 15    Spells: 1/1 levels left

rFire    . . .     SeeInvis .   j - +4 short sword
rCold    . . .     Gourm    .   (shield restricted)
rNeg     . . .     Faith    .   b - +0 leather armour
rPois    .         Spirit   .   (no helmet)
rElec    .         Reflect  .   (no cloak)
rCorr    .         Harm     .   (no gloves)
MR       .....                  (no boots)
Stlth    ++........             (no amulet)
HPRegen  0.05/turn              (no ring)
MPRegen  0.09/turn              (no ring)

@: no status effects
A: small, carnivore
a: no special abilities


You were on level 2 of the Dungeon.
You were full.

You visited 1 branch of the dungeon, and saw 2 of its levels.

You collected 101 gold pieces.

Inventory:

Hand Weapons
 a - a +0 short sword
 j - a +4 short sword (weapon)
Armour
 b - a +0 leather armour (worn)
Wands
 c - a wand of flame (15)
 d - a wand of enslavement (15)
 e - a wand of random effects (10)
Scrolls
 g - a scroll of magic mapping {unknown}
 i - a scroll of blinking {unknown}
 l - a scroll of remove curse {unknown}
Potions
 h - 2 potions of cancellation {unknown}
 k - a potion of flight {unknown}
Comestibles
 f - 4 rations


   Skills:
 - Level 1.1 Fighting
 + Level 2.3 Short Blades
 - Level 2.4 Dodging
 + Level 2.4 Stealth
 + Level 4.0 Evocations


You had one spell level left.
You didn't know any spells.
Your spell library was empty.

Dungeon Overview and Level Annotations

Branches:
Dungeon (2/15)

Altars:

Annotations:
D:2 Sigmund


Innate Abilities, Weirdness & Mutations

You are small and have problems with some larger weapons.
You are carnivorous and can eat meat at any time.


Message History

A hobgoblin comes into view.
You hit Sigmund.
Sigmund is lightly wounded.
Sigmund casts a spell at you. The magic dart hits you!
You closely miss Sigmund.
Sigmund is lightly wounded.
You hit Sigmund.
Sigmund is moderately wounded.
Sigmund hits you with a scythe!
Ouch! That really hurt!
* * * LOW HITPOINT WARNING * * *
You are too injured to fight recklessly!
Evoke which item? (* to show all) (? for menu, Esc to quit)
Aiming: Random Effects
Press: ? - help, Shift-Dir - straight line, f/p - Sigmund
Aim: Sigmund, wielding a scythe and wearing a robe (moderately wounded, slow) Sigmund barely resists.
Sigmund hits you from afar with a scythe.
You die...

. #.############
###
#.#...........
####..
#.....#.....
#.....
.....#....
#..... ......#
#.....
########.#..##
####'#
....gS@.@....#
######'#
.##########'###
#.......
#....####.......
+....'..'.......
#....####.......
#....# #.......
#....######+##'#
+..............#
#..............#


You could see Sigmund, an adder and a hobgoblin.

Vanquished Creatures
  A dart slug (D:1)
  A giant cockroach (D:1)
  4 goblins
  2 hobgoblins (D:1)
  5 bats
  2 kobolds (D:1)
  A rat (D:1)
16 creatures vanquished.

Notes
Turn   | Place    | Note
-------+----------+-------------------------------------------
     0 | D:1      | MisterFreud the Kobold Artificer began the quest for the
                  | Orb.
     0 | D:1      | Reached XP level 1. HP: 12/12 MP: 3/3
   234 | D:1      | Reached XP level 2. HP: 9/16 MP: 4/4
   716 | D:1      | Reached skill level 4 in Evocations
  1040 | D:2      | Noticed Sigmund
  1052 | D:2      | Slain by Sigmund

Vault maps used:
D:1:      dpeg_arrival_central, minmay_misc_feat_cross
D:2:      grunt_ministairs_6, uniq_sigmund

Skill      XL: |  1  2 |
---------------+-------+-----
Stealth        | 2 |  2.4
Short Blades   | 2 |  2.3
Evocations     | 4 |  4.0
Fighting       | |  1.1
Dodging        | |  2.4

Action                   || total
-------------------------++-------
Melee: Short sword       ||    60
Evoke: Wand              ||     5
 Stab: Sleeping          ||     1
  Eat: Chunk             ||     5
Armor: Leather armour    ||    14
Dodge: Dodged            ||    56

Table legend:
 A = Non-vault XP
 B = Vault XP
 C = Vault XP percentage of total XP
 D = Non-vault monster count
 E = Vault monster count
 F = Vault count percentage of total count
                 A         B        C        D         E       F
            +---------+---------+-------+---------+---------+-------
      Total |      28 |       0 |   0.0 |      16 |       0 |   0.0
            +---------+---------+-------+---------+---------+-------
        D:1 |      23 |       0 |   0.0 |      13 |       0 |   0.0
        D:2 |       5 |       0 |   0.0 |       3 |       0 |   0.0
            +---------+---------+-------+---------+---------+-------
